 Dungeon Crawl Stone Soup version 0.31.0-11-ge490571c62 (webtiles) character file.

Game seed: 7783988765808587019

6 Flugkiller the Chiller (level 1, -1/9 HPs)
             Began as a Vine Stalker Ice Elementalist on Feb 3, 2024.
             Slain by a hound (3 damage)
             ... on level 3 of the Dungeon.
             The game lasted 00:00:36 (128 turns).

Flugkiller the Chiller (VSIE)                        Turns: 128, Time: 00:00:36

Health: -1/9       AC:  2    Str: 10    XL:     1   Next: 90%
Magic:  0/4        EV: 12    Int: 15    God:
Gold:   0          SH:  0    Dex: 14    Spells: 3/4 levels left

rFire   . . .        (no weapon)
rCold   . . .        (no shield)
rNeg    . . .        a - +0 robe
rPois   .            (no helmet)
rElec   .            (no cloak)
rCorr   .            (no gloves)
SInv    .            (no boots)
Will    .....        (no amulet)
Stlth   ++           (no ring)
HPRegen 1.01/turn    (no ring)
MPRegen 0.09/turn

%: guardian spirit
@: no status effects
A: fangs 2, regeneration 1, magic shield, antimagic bite, no potion heal 2
a: no special abilities


You were on level 3 of the Dungeon.
You visited 1 branch of the dungeon, and saw 3 of its levels.

Inventory:

Armour
 a - a +0 robe (worn)
Jewellery
 p - a +4 ring of protection
   (You found it on level 1 of the Dungeon)
Scrolls
 e - a scroll of torment
 r - 2 scrolls of identify
 t - a scroll of teleportation


   Skills:
 - Level 1.5 Dodging
 - Level 2.4 Stealth
 + Level 2.4 Spellcasting
 + Level 4.1 Ice Magic


You had 3 spell levels left.
You knew the following spells:

 Your Spells              Type           Power      Damage    Failure   Level
a - Freeze                Ice            56%        1d7       3%          1

Your spell library contained the following spells:

 Spells                   Type           Power      Damage    Failure   Level
 Frozen Ramparts          Ice            28%        1d5       12%         3
 Ozocubu's Armour         Ice            14%        N/A       12%         3
 Summon Ice Beast         Ice/Summ       8%         N/A       26%         3


Dungeon Overview and Level Annotations

Branches:
Dungeon (3/15) Zot: 17871

Altars:
Ashenzari


Innate Abilities, Weirdness & Mutations

You have extremely sharp teeth.
Your natural rate of healing is unusually fast.
When hurt, damage is shared between your health and your magic reserves.
Your bite disrupts and absorbs the magic of your enemies.
Potions cannot restore your health.


Message History

You hear the sound of rushing water.
There is an entrance to a sewer on this level.
Hurry and find it before the portal rusts away!
Found 2 scrolls labelled OCZION DOCLAU and a scroll labelled WYKLAYZEAH.
There is a stone staircase leading up here.
c - 3 scrolls labelled OCZION DOCLAU (gained 1)
e - a scroll labelled WYKLAYZEAH
c - 4 scrolls labelled OCZION DOCLAU (gained 1)
As you read the scroll labelled OCZION DOCLAU, it crumbles to dust.
It is a scroll of identify.
d - a scroll of teleportation;
t - a scroll of teleportation
r - 3 scrolls of identify
As you read the scroll of identify, it crumbles to dust.
e - a scroll of torment Unknown command.
Found a broken altar of Ashenzari.
Unknown command.
An orc comes into view. It is wielding a +0 war axe.
A hobgoblin comes into view.
The hobgoblin shouts!
Found a dark potion.
The hobgoblin hits you.
Casting: Freeze (safe; 4% risk of failure)
Confirm with . or Enter, or press ? or * to list all spells.
Aiming: Freeze (safe; 4% risk of failure)
Press: ? - help, Shift-Dir - straight line, f - hobgoblin
Aim: a hobgoblin You freeze the hobgoblin!
You kill the hobgoblin!
Casting: Freeze (safe; 4% risk of failure)
Confirm with . or Enter, or press ? or * to list all spells.
You can't see any susceptible monsters within range! (Use Z to cast anyway.)
The orc shouts!
You hear a shout! x2
Found a robe.
An orc comes into view. It is wielding a +0 falchion.
The orc moves out of view.
A bat and an endoplasm come into view.
Found a scroll labelled GOKEGOIPTA.
An orc comes into view. It is wielding a +0 dagger.
The endoplasm quivers.
The orc shouts!
The orc hits you with a +0 war axe!
Ouch! That really hurt!
You see here a +0 robe.
A hound comes into view.
Unknown command.
Found a stone staircase leading up.
The orc attacks as it pursues you! The orc misses you.
Unknown command.
Casting: Freeze (safe; 4% risk of failure)
Confirm with . or Enter, or press ? or * to list all spells.
Aiming: Freeze (safe; 4% risk of failure)
Press: ? - help, Shift-Dir - straight line, f - orc
Aim: an orc, wielding a +0 war axe You freeze the orc.
The orc is almost dead.
The orc misses you.
Casting: Freeze (safe; 4% risk of failure)
Confirm with . or Enter, or press ? or * to list all spells.
Aiming: Freeze (safe; 4% risk of failure)
Press: ? - help, Shift-Dir - straight line, f/p - orc
Aim: an orc, wielding a +0 war axe (almost dead)
You freeze the orc!
You kill the orc!
You hear the slow rusting of a distant drain.
Unknown command.
Magic courses through your body. The hound completely misses you.
The hound bites you.
Casting: Freeze (safe; 3% risk of failure)
Confirm with . or Enter, or press ? or * to list all spells.
Aiming: Freeze (safe; 3% risk of failure)
Press: ? - help, Shift-Dir - straight line, f - hound
Aim: a hound You freeze the hound.
The hound is lightly wounded.
The endoplasm hits you. The hound bites you.
Casting: Freeze (safe; 3% risk of failure)
Confirm with . or Enter, or press ? or * to list all spells.
Aiming: Freeze (safe; 3% risk of failure)
Press: ? - help, Shift-Dir - straight line, f/p - hound
Aim: a hound (lightly wounded)
You freeze the hound.
The hound is moderately wounded.
The hound barely misses you. The endoplasm closely misses you.
The hound closely misses you.
Casting: Freeze (safe; 3% risk of failure)
Confirm with . or Enter, or press ? or * to list all spells.
You don't have enough magic to cast this spell.
Unknown command.
You closely miss the hound. Your bite misses the hound.
The hound is moderately wounded.
The endoplasm hits you but does no damage.
The hound bites you.
* * * LOW HITPOINT WARNING * * *
You closely miss the hound.
The hound is moderately wounded.
The hound misses you. The endoplasm freezes you.
You are frozen.
* * * LOW HITPOINT WARNING * * *
The hound bites you.
You die...

#.####
#....#..#...#..#.
#.#
#...##..##+##..##
#. #...#......
....#
#...#.###...##!##
#.....# #.#
####[######..
#ooo........
#J#..o.b....
#@#.#.#''#.#
#h#...#..#
....### ## #...?+
.....+ ##....#
#.<... ###..#.


You could see a hound, 2 orcs and an endoplasm.

Vanquished Creatures
  An orc (D:3)
  A goblin (D:1)
  A hobgoblin (D:3)
  A bat (D:1)
  A rat (D:2)
5 creatures vanquished.

Notes
Turn   | Place    | Note
-------+----------+-------------------------------------------
     0 | D:1      | Flugkiller the Vine Stalker Ice Elementalist began the
                  | quest for the Orb.
     0 | D:1      | Reached XP level 1. HP: 9/9 MP: 4/4
    93 | D:3      | Found a broken altar of Ashenzari.
   118 | D:3      | Noticed a hound
   128 | D:3      | Slain by a hound

Illustrated notes

Levels and vault maps discovered:
D:1:      mainiacjoe_arrival_reflecting_pool, layout_basic,
          hellmonk_ecumenical_altar_blasted, serial_forest,
          infiniplex_forest_end_2, infiniplex_forest_clump_C,
          infiniplex_forest_lined_3_way, infiniplex_forest_lined_ring,
          infiniplex_forest_clump_medium, chequers_big_river
D:2:      layout_loops_ring, serial_shops, nicolae_shop_trees, uniq_robin
D:3:      layout_loops_cross, nicolae_ashenzari_skybound,
          lightli_sewer_entry_pipes, minmay_mini_jars

Action                     || total
---------------------------++-------
  Melee: Unarmed           ||     6
   Cast: Freeze            ||     8
    Use: Scroll            ||     2
         Potion            ||     1
 Armour: Robe              ||    12
  Dodge: Dodged            ||    10
